 Dungeon Crawl Stone Soup version 0.21-a0-531-gacddea6 (webtiles) character file.

225 AverageBear the Cutter (level 5, -3/31 HPs)
             Began as a Deep Elf Fighter on Dec 12, 2017.
             Killed from afar by an orc wizard (6 damage)
             ... with a puff of flame
             ... on level 3 of the Dungeon.
             The game lasted 00:03:07 (3350 turns).

AverageBear the Cutter (Deep Elf Fighter)           Turns: 3350, Time: 00:03:07

Health: -3/31      AC:  6    Str: 14    XL:     5   Next: 68%
Magic:  0/7        EV:  6    Int: 13    God:
Gold:   126        SH:  8    Dex: 14    Spells: 4/4 levels left

rFire    . . .     SeeInvis .   n - +2 dagger (freeze)
rCold    . . .     Gourm    .   c - +0 shield
rNeg     . . .     Faith    .   b - +0 scale mail
rPois    .         Spirit   +   (no helmet)
rElec    .         Reflect  .   h - scarf {Spirit}
rCorr    .         Harm     .   (no gloves)
MR       .....                  (no boots)
Stlth    ..........             (no amulet)
HPRegen  0.10/turn              (no ring)
MPRegen  0.10/turn              (no ring)

@: no status effects
A: no striking features
a: no special abilities


You were on level 3 of the Dungeon.
You were not hungry.

You visited 1 branch of the dungeon, and saw 3 of its levels.

You collected 126 gold pieces.

Inventory:

Hand Weapons
 a - a +0 rapier
 n - a +2 dagger of freezing (weapon)
Armour
 b - a +0 scale mail (worn)
 c - a +0 shield (worn)
 h - a scarf of spirit shield (worn)
Scrolls
 i - a scroll of magic mapping
 j - a scroll of teleportation
 o - a scroll of remove curse {unknown}
Potions
 d - a potion of might
 g - 2 potions of curing
 k - a potion of resistance
 l - a potion of haste
 m - a potion of invisibility {unknown}
Comestibles
 f - 2 bread rations


   Skills:
 - Level 2.4 Fighting
 + Level 6.0 Short Blades
 - Level 2.4 Armour
 - Level 2.4 Shields


You had 4 spell levels left.
You didn't know any spells.

Dungeon Overview and Level Annotations

Branches:
Dungeon (3/15)

Altars:
Makhleb


Message History

You're too confused to move!
The centaur hits you but does no damage.
The orc wizard hits you but does no damage.
The orc hits you. The centaur hits you!
You hit the centaur. You freeze the centaur.
The centaur is almost dead.
The centaur hits you.
The orc wizard gestures at you while chanting.
The puff of frost hits you!
* * * LOW HITPOINT WARNING * * *
The orc hits you but does no damage.
The centaur wields an uncursed shortbow.
The centaur shoots an arrow.
The arrow hits you!
* * * LOW HITPOINT WARNING * * *
You see here an arrow.
You completely miss the orc.
You feel less invigorated.
You feel less confused.
The orc wizard points at you and mumbles some strange words.
The puff of flame hits you!
You die...

...........####...##..#
##...........##..##...#
#.(......#.#.........##
#............#...###.#
............##.......###
.....>....####.........#
.................####..#
......................##
#.........#####.@######
.......... #ooc## #.o..#
......##.# .##.#. ..#
#... #.# ##.. .# ... .#
..## ##


You could see a centaur, 2 orc wizards and an orc.

Vanquished Creatures
  An orc priest (D:3)
  An orc wizard (D:3)
  5 adders
  A howler monkey skeleton (D:2)
  3 oozes
  An adder skeleton (D:2)
  3 adder zombies (D:2)
  2 worms
  A dart slug (D:2)
  2 leopard geckos
  3 orcs (D:3)
  A ball python (D:3)
  2 bat skeletons (D:2)
  A bat zombie (D:2)
  14 goblins
  3 hobgoblins (D:1)
  2 jackals (D:2)
  8 kobolds
  2 quokkas (D:2)
  11 bats
  5 frilled lizards
  2 leopard gecko skeletons (D:2)
  7 rats
81 creatures vanquished.

Vanquished Creatures (others)
  An orc (D:3)
1 creature vanquished.

Grand Total: 82 creatures vanquished

Notes
Turn   | Place    | Note
-------+----------+-------------------------------------------
     0 | D:1      | AverageBear the Deep Elf Fighter began the quest for the Orb.
     0 | D:1      | Reached XP level 1. HP: 13/13 MP: 3/3
   469 | D:1      | Reached XP level 2. HP: 13/18 MP: 4/4
   546 | D:1      | Reached skill level 3 in Short Blades
  1041 | D:2      | Reached XP level 3. HP: 19/22 MP: 2/5
  1080 | D:2      | Found a faded altar of an unknown god.
  1147 | D:2      | Reached skill level 4 in Short Blades
  1223 | D:2      | Reached XP level 4. HP: 26/27 MP: 4/6
  2124 | D:2      | Found a burning altar of Makhleb.
  2273 | D:2      | Reached skill level 5 in Short Blades
  2511 | D:2      | Noticed a green death
  2514 | D:2      | Noticed a neqoxec
  2514 | D:2      | Noticed a smoke demon
  2576 | D:3      | Reached XP level 5. HP: 26/31 MP: 4/7
  3058 | D:3      | Reached skill level 6 in Short Blades
  3334 | D:3      | Noticed a centaur
  3349 | D:3      | HP: 1/31 [centaur/arrow (7)]
  3350 | D:3      | Killed from afar by an orc wizard

Vault maps used:
D:1:      dpeg_arrival_rooms_a, st_stairs_4
D:2:      serial_undead, serial_undead_e, serial_undead_b, serial_undead_f,
          serial_undead_c, serial_undead_a, chequers_ecumenical_altar_simple,
          first_bread, makhleb_altar_promises_db

Skill      XL: |  1  2  3  4  5 |
---------------+----------------+-----
Short Blades   | 3 4 5 6 |  6.0
Fighting       | |  2.4
Armour         | |  2.4
Shields        | |  2.4

Action                   |  1- 3 |  4- 6 || total
-------------------------+-------+-------++-------
Melee: Rapier            |   161 |   171 ||   332
       Dagger            |       |    65 ||    65
  Use: Scroll            |     3 |     4 ||     7
       Potion            |       |     5 ||     5
  Eat: Chunk             |     1 |     7 ||     8
Armor: Scale mail        |    76 |   104 ||   180
Dodge: Dodged            |    54 |    62 ||   116
Block: Shield            |    61 |    97 ||   158

Table legend:
 A = Spawn XP
 B = Non-spawn XP
 C = Spawn XP percentage of total XP
 D = Spawn monster count
 E = Non-spawn monster count
 F = Spawn count percentage of total count
 G = Total turns spent on level
                    A         B        C        D         E        F      G
               +---------+---------+-------+---------+---------+-------+---------
         Total |       0 |     322 |   0.0 |       0 |      81 |   0.0 |  3350
               +---------+---------+-------+---------+---------+-------+---------
           D:1 |       0 |      36 |   0.0 |       0 |      19 |   0.0 |   937
           D:2 |       0 |     161 |   0.0 |       0 |      46 |   0.0 |  1741
           D:3 |       0 |     125 |   0.0 |       0 |      16 |   0.0 |   672
               +---------+---------+-------+---------+---------+-------+---------
